 Dungeon Crawl Stone Soup version 0.29-a0-360-g8ed1089bbe (webtiles) character file.

Game seed: 4030477933762284877

15 halvedace the Sneak (level 2, 19/19 HPs)
             Began as an Octopode Brigand on Apr 28, 2022.
             Quit the game on level 2 of the Dungeon.
             The game lasted 00:05:03 (546 turns).

halvedace the Sneak (Octopode Brigand)               Turns: 546, Time: 00:05:03

Health: 19/19      AC:  1    Str:  8 (10) XL:     2   Next: 50%
Magic:  2/2        EV: 12    Int: 10 (13) God:
Gold:   76         SH:  0    Dex: 12 (13) Spells: 1/1 levels left

rFire   . . .      SeeInvis .   a - +2 dagger
rCold   . . .      Faith    .   (no shield)
rNeg    . . .      Spirit   .   (helmet restricted)
rPois   .          Reflect  .   e - amulet of regeneration
rElec   .          Harm     .   (no ring)
rCorr   .          Rampage  .   (no ring)
Will    .....                   (no ring)
Stlth   ++++......              (no ring)
HPRegen 0.86/turn               (no ring)
MPRegen 0.08/turn               (no ring)
                                (no ring)
                                (no ring)

@: no status effects
A: almost no armour, amphibious, 8 rings, camouflage 1, gelatinous body 1,
(nimble swimmer 1), tentacles
a: no special abilities


You were on level 2 of the Dungeon.
You visited 1 branch of the dungeon, and saw 2 of its levels.

You collected 76 gold pieces.

Inventory:

Hand Weapons
 a - a +2 dagger (weapon)
Missiles
 b - 9 poisoned darts (quivered)
 c - 8 curare-tipped darts
 f - 34 stones
Jewellery
 e - an amulet of regeneration (around mantle)
Scrolls
 d - a scroll of identify


   Skills:
 + Level 2.2 Fighting
 + Level 2.2 Short Blades
 + Level 2.3 Throwing
 + Level 1.0 Dodging
 + Level 5.6 Stealth


You had one spell level left.
You didn't know any spells.
Your spell library was empty.

Dungeon Overview and Level Annotations

Branches:
Dungeon (2/15)

Altars:


Innate Abilities, Weirdness & Mutations

You cannot wear most types of armour.
You are amphibious.
You can wear up to eight rings at the same time.
Your skin changes colour to match your surroundings (Stealth+).
Your rubbery body absorbs attacks. (AC +1, EV +1)
((You are camouflaged when in or above water. (Stealth+)))
You have tentacles for arms and can constrict up to eight enemies at once.


Message History

Found a leather armour.
Found a stone staircase leading down.
Found a scroll labelled ORRERPH PIMEEPH.
You see here a +0 leather armour.
The helpless bat fails to defend itself.
You impale the bat!!
You kill the bat!
You see here a +0 leather armour.
You see here a +0 leather armour.
d - a +0 leather armour You drop a +0 leather armour.
Found 5 curare-tipped darts and a green potion.
d - a scroll labelled ORRERPH PIMEEPH
As you read the scroll labelled ORRERPH PIMEEPH, it crumbles to dust.
It is a scroll of identify.
You don't have any unidentified items.
Found a spear.
You see here a +0 spear.
d - a green potion
c - 8 curare-tipped darts (gained 5) It was a potion of might.
You feel very mighty all of a sudden.
Found a scroll of identify.
d - a scroll of identify You feel a little less mighty now.
Things that are here:
a +0 short sword; a ball python skeleton; a kobold skeleton
Found 10 gold pieces.
You now have 48 gold pieces (gained 10).
There is a stone staircase leading down here.
There is a stone staircase leading down here.
You climb downwards.
Found 18 gold pieces and a ring mail.
There is a stone staircase leading up here.
Found 10 gold pieces.
You now have 55 gold pieces (gained 7).
Found a stone staircase leading up.
You now have 65 gold pieces (gained 10).
You now have 76 gold pieces (gained 11).
Unknown command.
Are you sure you want to abandon this character and quit the game? (Confirm with "yes".)

#<........# #.........#
#.........# #.........#
##........[ ........#.#
........#.##
...........#######
........#......@.#
######.##<.#####......#
.........# #####..
####.#..... #..#....#
##..#.#... ##.#.####.
#.#.# . .. ..


There were no monsters in sight!

Vanquished Creatures
  2 dart slugs (D:1)
  A giant cockroach (D:1)
  3 hobgoblins (D:1)
  A ball python (D:1)
  A bat (D:1)
  A frilled lizard (D:1)
  2 kobolds (D:1)
  A rat (D:1)
12 creatures vanquished.

Notes
Turn   | Place    | Note
-------+----------+-------------------------------------------
     0 | D:1      | halvedace the Octopode Brigand began the quest for the Orb.
     0 | D:1      | Reached XP level 1. HP: 14/14 MP: 1/1
   213 | D:1      | Reached XP level 2. HP: 19/19 MP: 2/2
   546 | D:2      | Quit the game

Illustrated notes

Levels and vault maps discovered:
D:1:      heliophobic_arrival_battle_scene, layout_rooms, minivault_23
D:2:      layout_rooms

Action                   || total
-------------------------++-------
Melee: Dagger            ||    22
       Constrict         ||     6
       Tentacles         ||     2
  Use: Scroll            ||     5
       Potion            ||     3
 Stab: Sleeping          ||     4
Dodge: Dodged            ||     7

Table legend: (Time is in decaauts)
 A = Elapsed time spent in this place.
 B = Non-inter-level travel time spent in this place.
 C = Inter-level travel time spent in this place.
 D = Time resting spent in this place.
 E = Time spent auto-exploring this place.
 F = Levels seen in this place.
 G = Mean time per level.
                   A        B        C        D        E       F      G
               +--------+--------+--------+--------+--------+-----+--------+
         Total |    543 |    543 |      0 |     10 |      0 |   2 |  271.5 |
       Dungeon |    543 |    543 |      0 |     10 |      0 |   2 |  271.5 |
               +--------+--------+--------+--------+--------+-----+--------+

Top non-repeatable levels by time:
     D:1: 524 daAuts
     D:2: 18 daAuts
